 Dungeon Crawl Stone Soup version 0.27.0-1-g7a089689b8 (webtiles) character file.

Game seed: 5671727228041811775

269 MajorAdolf the Covert (level 6, -1/51 HPs)
             Began as a Naga Wanderer on Aug 9, 2021.
             Slain by a gnoll (11 damage)
             ... on level 4 of the Dungeon.
             The game lasted 00:03:44 (3808 turns).

MajorAdolf the Covert (Naga Wanderer)               Turns: 3808, Time: 00:03:44

Health: -1/51      AC: 13    Str: 13    XL:     6   Next: 22%
Magic:  7/7        EV:  9    Int: 14    God:
Gold:   123        SH:  0    Dex: 12    Spells: 7/7 levels left

rFire    . . .     SeeInvis +   a - +2 quarterstaff
rCold    . . .     Faith    .   (shield currently unavailable)
rNeg     . . .     Spirit   .   g - +1 animal skin
rPois    +         Reflect  .   k - +2 helmet {SInv}
rElec    .         Harm     .   d - +0 cloak
rCorr    .         Rampage  .   p - +0 pair of gloves
Will     .....                  (no barding)
Stlth    ++++......             (no amulet)
HPRegen  0.17/turn              f - +4 ring of protection
MPRegen  0.10/turn              (no ring)

@: very slow
A: AC +2, large, see invisible, deformed body, poison resistance, slowness 2,
spit poison 1, naga tail 1
a: Spit Poison


You were on level 4 of the Dungeon.
You visited 1 branch of the dungeon, and saw 4 of its levels.

You collected 123 gold pieces.

Inventory:

Hand Weapons
 a - a +2 quarterstaff (weapon)
 e - a +0 dagger
 h - a +1 dagger of draining
Armour
 d - a +0 cloak (worn)
 g - a +1 animal skin (worn)
 k - a +2 helmet of see invisible (worn)
 p - a +0 pair of gloves (worn)
Jewellery
 f - a +4 ring of protection (left hand)
Scrolls
 i - a scroll of vulnerability {unknown}
 j - 3 scrolls of blinking {unknown}
 n - a scroll of teleportation
 o - a scroll of identify {unknown}
Potions
 b - 4 potions of curing
 c - 3 potions of lignification
 l - 2 potions of heal wounds {unknown}
 m - a potion of haste {unknown}


   Skills:
 - Level 1.0 Fighting
 - Level 2.0 Staves
 + Level 9.9 Stealth
 - Level 1.0 Shields
 - Level 1.0 Spellcasting
 - Level 2.0 Earth Magic
 - Level 1.0 Evocations


You had 7 spell levels left.
You didn't know any spells.
Your spell library was empty.

Dungeon Overview and Level Annotations

Branches:
Dungeon (4/15)
 Temple: D:4-7

Altars:
Wu Jian


Innate Abilities, Weirdness & Mutations

Your serpentine skin is tough. (AC +2)
You have supernaturally acute eyesight. (SInv)
Armour fits poorly on your strangely shaped body.
Your system is resistant to poisons. (rPois)
You cover ground very slowly.
You can spit poison.
You have a snake-like lower body.


Message History

You closely miss the gnoll.
The gnoll is heavily wounded.
The gnoll hits you but does no damage.
You barely miss the gnoll.
The gnoll is heavily wounded.
The gnoll barely misses you.
You barely miss the gnoll.
The gnoll is heavily wounded.
The gnoll closely misses you.
You hit the gnoll.
The gnoll is almost dead.
The gnoll hits you but does no damage.
You closely miss the gnoll.
The gnoll is almost dead.
The gnoll hits you with a +0 spear. The gnoll hits you but does no damage.
You sock the gnoll!
You kill the gnoll!
The gnoll hits you with a +0 flail!
You sock the gnoll!
The gnoll is severely wounded.
The gnoll closely misses you.
You closely miss the gnoll.
The gnoll is severely wounded.
The gnoll hits you with a +0 flail!
You are too injured to fight recklessly!
You are too injured to fight recklessly!
You are too injured to fight recklessly!
Unknown command.
You hit the gnoll but do no damage.
The gnoll is heavily wounded.
The gnoll barely misses you.
You hit the gnoll.
The gnoll is severely wounded.
The gnoll hits you with a +0 flail.
You completely miss the gnoll.
The gnoll is severely wounded.
The gnoll hits you with a +0 flail!
* * * LOW HITPOINT WARNING * * *
The gnoll hits you with a +0 flail!
You die...

### #.#.. ..# ..... #.#
### #.#.# #.# ...#.#.#
#.# #.#.#.# #.###.#
...#.# #......
#.##########.#.#######.#
......g@)...............
#.##.#######.#.#########
...#.# #####.# ..# ###


You could see a gnoll.

Vanquished Creatures
  An ogre (D:4)
  A bullfrog zombie (D:3)
  Robin (D:3)
  3 adders
  3 gnolls (D:4)
  A white imp (D:3)
  2 dart slugs
  6 orcs
  4 ball pythons
  3 bats
  4 endoplasms
  4 giant cockroaches
  7 goblins
  10 hobgoblins
  10 kobolds
  2 frilled lizards (D:3)
62 creatures vanquished.

Vanquished Creatures (others)
  A plant (D:3)
1 creature vanquished.

Grand Total: 63 creatures vanquished

Notes
Turn   | Place    | Note
-------+----------+-------------------------------------------
     0 | D:1      | MajorAdolf the Naga Wanderer began the quest for the Orb.
     0 | D:1      | MajorAdolf set off with the following items: a +2
                  | quarterstaff, a potion of curing, a potion of
                  | lignification, a +0 robe, a +0 dagger
     0 | D:1      | Reached XP level 1. HP: 18/18 MP: 2/2
   376 | D:1      | Reached skill level 4 in Stealth
   490 | D:1      | Reached XP level 2. HP: 25/25 MP: 3/3
   498 | D:1      | Found a faded altar of an unknown god.
  1216 | D:2      | Reached skill level 5 in Stealth
  1216 | D:2      | Reached XP level 3. HP: 18/31 MP: 4/4
  1650 | D:2      | Noticed Robin
  1652 | D:2      | Reached skill level 6 in Stealth
  1884 | D:3      | Killed Robin
  1885 | D:3      | Reached XP level 4. HP: 8/38 MP: 5/5
  2415 | D:3      | Reached skill level 7 in Stealth
  2774 | D:3      | Reached XP level 5. HP: 44/44 MP: 6/6
  2806 | D:3      | Found an ornate altar of the Wu Jian Council.
  2907 | D:3      | Reached skill level 8 in Stealth
  3595 | D:4      | Noticed an ogre
  3600 | D:4      | Killed an ogre
  3601 | D:4      | Reached skill level 9 in Stealth
  3601 | D:4      | Reached XP level 6. HP: 25/51 MP: 7/7
  3808 | D:4      | Slain by a gnoll

Illustrated notes

Levels and vault maps discovered:
D:1:      wander_arrival_lonely_grave, layout_basic,
          hellmonk_ecumenical_altar_heavens_door,
          amcnicky_mini_corridor_feature, item_on_display_a
D:2:      layout_loops_ring, uniq_robin
D:3:      corexii_shack_village, layout_basic, nzn_wu_jian_contemplation,
          minmay_shallow_snake_nest
D:4:      layout_basic

Skill      XL: |  1  2  3  4  5 |
---------------+----------------+-----
Stealth        | 4 5 6 7 9 |  9.9
Fighting       | |  1.0
Staves         | |  2.0
Shields        | |  1.0
Spellcasting   | |  1.0
Earth Magic    | |  2.0
Evocations     | |  1.0

Action                   |  1- 3 |  4- 6 || total
-------------------------+-------+-------++-------
Melee: Quarterstaff      |    76 |   101 ||   177
 Abil: Spit Poison       |     2 |     1 ||     3
  Use: Scroll            |     1 |       ||     1
 Stab: Sleeping          |     6 |    11 ||    17
Armor: Robe              |    38 |       ||    38
       Animal skin       |       |    43 ||    43
Dodge: Dodged            |    41 |    58 ||    99
